 Dungeon Crawl Stone Soup version 0.24.0-125-gc4c63601f3 (webtiles) character file.

Game seed: 8349596626338275934, levelgen mode: deterministic

2252 Mamentiras the Cleaver (level 9, -3/79 HPs)
             Began as a Hill Orc Berserker on Mar 14, 2020.
             Was a Priest of Trog.
             Slain by a killer bee (7 damage)
             ... on level 8 of the Dungeon on Mar 16, 2020.
             The game lasted 00:53:42 (6967 turns).

Mamentiras the Cleaver (Hill Orc Berserker)         Turns: 6967, Time: 00:53:42

Health: -3/79      AC: 19    Str: 23    XL:     9   Next: 37%
Magic:  9/9        EV:  7    Int:  7    God:    Trog [***...]
Gold:   354        SH:  0    Dex: 10    Spells: 8/8 levels left

rFire    . . .     SeeInvis .   K - +0 great mace (crush)
rCold    . . .     Gourm    +   (shield currently unavailable)
rNeg     . . .     Faith    .   D - +0 plate armour
rPois    .         Spirit   .   (no helmet)
rElec    .         Reflect  .   t - +1 cloak
rCorr    .         Harm     .   s - +0 pair of gloves
MR       +....     Clarity  +   (no boots)
Stlth    ..........             I - amulet of the gourmand
HPRegen  0.23/turn              w - ring of protection from magic
MPRegen  0.11/turn              A - +1 ring of protection

@: lethally poisoned (-3 -> -6), starving
A: molten scales 1, clarity
a: Berserk, Trog's Hand, Renounce Religion


You were on level 8 of the Dungeon.
You worshipped Trog.
Trog was most pleased with you.
You were starving.

You visited 2 branches of the dungeon, and saw 9 of its levels.

You collected 454 gold pieces.
You spent 100 gold pieces at shops.

Inventory:

Hand Weapons
 a - a +1 hand axe
 o - a +0 mace
 r - a +0 hand axe
 H - a +0 war axe
 K - a +0 great mace of crushing (weapon)
 L - a +2 shortbow of flaming
Missiles
 m - 15 boomerangs
 n - an atropa-tipped dart
 B - 2 silver javelins
 J - a poisoned dart (quivered)
 M - 50 arrows
Armour
 b - a +0 animal skin
 e - a +0 chain mail
 g - a +0 ring mail
 s - a +0 pair of gloves (worn)
 t - a +1 cloak (worn)
 D - a +0 plate armour (worn)
Jewellery
 w - a ring of protection from magic (left hand)
 A - a +1 ring of protection (right hand)
 G - an uncursed ring of stealth
 I - an amulet of the gourmand (around neck)
Wands
 l - a wand of scattershot (2)
 v - a wand of flame (31)
 C - a wand of random effects (16)
 F - a wand of iceblast (5)
Scrolls
 q - 2 scrolls of remove curse
 u - 3 scrolls of enchant weapon
 x - 4 scrolls of teleportation
 y - a scroll of amnesia
 N - a scroll of identify
 O - a scroll of blinking
Potions
 d - 3 potions of curing
 f - a potion of mutation
 h - 3 potions of agility
 i - a potion of flight {unknown}
 j - a potion of heal wounds
 k - 2 potions of resistance
 p - 3 potions of berserk rage
 z - a potion of invisibility {unknown}
 E - a potion of ambrosia {unknown}
Comestibles
 c - 8 rations


   Skills:
 + Level 7.4 Fighting
 + Level 11.6(11.7) Axes
 + Level 2.3(6.7) Maces & Flails
 + Level 7.3 Armour
 - Level 1.5 Dodging


You had 8 spell levels left.
You didn't know any spells.
Your spell library was empty.

Dungeon Overview and Level Annotations

Branches:
Dungeon (8/15)             Temple (1/1) D:6
   Lair: D:8-11

Altars:
Ashenzari
Cheibriados
Dithmenos
Elyvilon
Fedhas
Gozag
Hepliaklqana
Kikubaaqudgha
Makhleb
Nemelex Xobeh
Okawaru
Qazlal
Ru
Sif Muna
Uskayaw
Vehumet
Wu Jian
Xom
Yredelemnul
Zin

Shops:
D:4 *   D:5 **:   D:6 :


Innate Abilities, Weirdness & Mutations

You are partially covered in molten scales. (AC +2)
You possess an exceptional clarity of mind.


Message History

The killer bee barely misses you.
You miss the killer bee.
The killer bee stings you but does no damage.
The bullfrog hits you but does no damage.
The killer bee stings you.
* * * LOW HITPOINT WARNING * * *
You are poisoned.
The killer bee poisons you!
The bullfrog hits you but does no damage.
The killer bee stings you.
* * * LOW HITPOINT WARNING * * *
You miss the killer bee.
You feel sick.
The killer bee stings you but does no damage.
The bullfrog hits you.
* * * LOW HITPOINT WARNING * * *
The killer bee stings you but does no damage.
The bullfrog hits you but does no damage.
* * * LOW HITPOINT WARNING * * *
You feel sick. The killer bee stings you!
You die...

...........#.....#...
...........#..>..'...
####.....##...###..##.##
#........########..##'##
#......................
#......................
#......................
#.......F............))
#.....@..†...)....(.(.)
##..##.y####..###..((##
# #..# #+## #....##
+?... #...<.. #.....
#...... #.....# #......
##.(### #...##. ####
#######


You could see a bullfrog and a killer bee.

Vanquished Creatures
  Grinder (D:3)
  A sky beast (D:6)
  2 ogres
  A black bear (D:6)
  An ice beast (D:6)
  A necrophage (D:5)
  3 centaurs
  3 bullfrogs (D:6)
  A scorpion (D:4)
  3 killer bees (D:8)
  2 crimson imps (D:6)
  4 hounds
  A bullfrog skeleton (D:5)
  An orc priest (D:6)
  3 jellies
  4 orc wizards
  2 centaur skeletons
  An iguana (D:6)
  5 worker ants
  A hound zombie (D:7)
  A hound skeleton (D:4)
  A worker ant zombie (D:5)
  A howler monkey zombie (D:6)
  A gnoll (D:5)
  8 adders
  An ooze (D:6)
  2 adder skeletons
  2 worms
  3 dart slugs
  2 leopard geckos
  15 orcs
  10 bats
  5 giant cockroaches
  6 goblins
  9 hobgoblins
  8 jackals
  2 quokkas
  2 ball pythons
  9 frilled lizards
  A jackal skeleton (D:5)
  A jackal zombie (D:7)
  8 kobolds
  A leopard gecko zombie (D:5)
  9 rats
  2 butterflies (D:6)
151 creatures vanquished.

Vanquished Creatures (others)
  An orc wizard (D:8)
1 creature vanquished.

Grand Total: 152 creatures vanquished

Notes
Turn   | Place    | Note
-------+----------+-------------------------------------------
     0 | D:1      | Mamentiras the Hill Orc Berserker began the quest for the
                  | Orb.
     0 | D:1      | Reached XP level 1. HP: 19/19 MP: 1/1
    38 | D:1      | HP: 1/20 [hobgoblin/+0 club (4)]
    79 | D:1      | Reached XP level 2. HP: 2/27 MP: 2/2
   761 | D:1      | Reached XP level 3. HP: 33/33 MP: 3/3
   862 | D:1      | Reached ** piety under Trog
  1180 | D:1      | Reached skill level 5 in Axes
  1750 | D:2      | Reached XP level 4. HP: 40/40 MP: 4/4
  2696 | D:3      | Found a shimmering blue altar of Sif Muna.
  2991 | D:3      | Noticed Grinder
  3012 | D:3      | Killed Grinder
  3012 | D:3      | Reached skill level 7 in Axes
  3012 | D:3      | Reached XP level 5. HP: 47/47 MP: 5/5
  3012 | D:3      | Reached XP level 6. HP: 55/55 MP: 6/6
  3164 | D:4      | Reached skill level 5 in Fighting
  3526 | D:4      | Reached XP level 7. HP: 51/61 MP: 7/7
  3704 | D:4      | Found an iron altar of Okawaru.
  3760 | D:4      | Found Sefuwyis's Assorted Antiques.
  3870 | D:4      | Found an ornate altar of the Wu Jian Council.
  4039 | D:4      | Found a faded altar of an unknown god.
  4039 | D:4      | Found a burning altar of Makhleb.
  4044 | D:4      | Found a shattered altar of Ashenzari.
  4046 | D:4      | Found a faded altar of an unknown god.
  4048 | D:4      | Found an iron altar of Okawaru.
  4115 | D:5      | Entered Level 5 of the Dungeon
  4157 | D:5      | Found a basalt altar of Yredelemnul.
  4182 | D:5      | Reached skill level 8 in Axes
  4308 | D:5      | Reached skill level 5 in Armour
  4365 | D:5      | Found Saintobb's Assorted Antiques.
  4377 | D:5      | Bought an opal ring for 100 gold pieces
  4453 | D:5      | Reached *** piety under Trog
  4461 | D:5      | Found Recolius's Book Emporium.
  4536 | D:5      | Found a glowing silver altar of Zin.
  4536 | D:5      | Noticed an angel
  4576 | D:5      | Found a snail-covered altar of Cheibriados.
  4583 | D:5      | Reached skill level 9 in Axes
  4637 | D:5      | Reached XP level 8. HP: 69/70 MP: 8/8
  4804 | D:5      | Found Zerao's General Store.
  5102 | D:6      | Found Jantifymm's Book Shoppe.
  5214 | D:6      | Reached skill level 10 in Axes
  5347 | D:6      | Gained mutation: You are partially covered in molten
                  | scales. (AC +2) [potion of mutation]
  5347 | D:6      | Gained mutation: You possess an exceptional clarity of
                  | mind. [potion of mutation]
  5659 | D:6      | Found a blossoming altar of Fedhas.
  5660 | D:6      | Found an ancient bone altar of Kikubaaqudgha.
  5778 | D:6      | Reached skill level 11 in Axes
  5862 | D:6      | Found a staircase to the Ecumenical Temple.
  5866 | Temple   | Entered the Ecumenical Temple
  6291 | D:7      | Reached XP level 9. HP: 73/79 MP: 9/9
  6448 | D:7      | Found an opulent altar of Gozag.
  6591 | D:7      | Reached skill level 1 in Maces & Flails
  6967 | D:8      | Slain by a killer bee

Levels and vault maps discovered:
D:1:      mrwooster_arrival_statue_3, layout_basic
D:2:      layout_loops_corners, serial_rivers, chequers_serial_rivers_micro_e,
          chequers_serial_rivers_micro_d, chequers_serial_rivers_large_a,
          chequers_serial_rivers_marsh, chequers_serial_rivers_small_3,
          chequers_serial_rivers_small_3
D:3:      layout_basic, lemuel_blue_sif_altar, uniq_grinder
D:4:      layout_cave_pools, chequers_temple_overflow_minitemple,
          marbit_many_paths, serial_shops, nicolae_shop_overgrown_old_shop,
          okawaru_trees_2
D:5:      layout_rooms, zin_angel, slow_altar_1, serial_shops,
          kennysheep_little_box, shop, nicolae_shop_overgrown_old_shop,
          first_ration, basic_altar, cheibrodos_gnoll_hut
D:6:      layout_basic, grunt_temple_overflow_growth_and_decay,
          minmay_temple_entry_butterflies, serial_shops, nicolae_shop_trees,
          minmay_quadrilaterals
D:7:      layout_basic, nicolae_gozag_cash_rules_everything_around_me
D:8:      layout_gridville, tgw_trog, tso_oasis_becter,
          hangedman_pestilent_swarm
Temple:   minmay_temple_curvy_loop

Skill      XL: |  1  2  3  4  5  6  7  8  9 |
---------------+----------------------------+-----
Fighting       | 4 5 7 |  7.4
Axes           | 5 7 9 11 | 11.6
Armour         | 4 5 6 7 |  7.3
Maces & Flails | 2 |  2.3
Dodging        | |  1.5

Action                   |  1- 3 |  4- 6 |  7- 9 || total
-------------------------+-------+-------+-------++-------
Melee: Hand axe          |   135 |   124 |   345 ||   604
       Great mace        |       |       |    56 ||    56
Throw: Dart              |    12 |    38 |    73 ||   123
       Boomerang         |    12 |    22 |    24 ||    58
Invok: Berserk           |     1 |     3 |     1 ||     5
       Trog's Hand       |       |     3 |     7 ||    10
Evoke: Wand              |       |       |     1 ||     1
  Use: Scroll            |     4 |     3 |     8 ||    15
       Potion            |       |       |     6 ||     6
 Stab: Sleeping          |     1 |       |       ||     1
       Invisible         |     2 |       |       ||     2
  Eat: Chunk             |     4 |     9 |    13 ||    26
Armor: Animal skin       |     4 |       |       ||     4
       Ring mail         |    40 |    52 |    16 ||   108
       Chain mail        |     4 |       |       ||     4
       Plate armour      |       |       |   353 ||   353
Dodge: Dodged            |    91 |    84 |   206 ||   381
